 Dungeon Crawl Stone Soup version 0.26-a0-1132-ge9770dfcb6 (webtiles) character file.

Game seed: 17942494606177528839

481 HoaS the Cudgeller (level 7, -4/41 HPs)
             Began as a Gargoyle Fighter on Dec 19, 2020.
             Was an Initiate of Makhleb.
             Slain by an ogre
             ... wielding a +0 giant club
              (7 damage)
             ... in the Ecumenical Temple.
             The game lasted 00:08:35 (2810 turns).

HoaS the Cudgeller (Gargoyle Fighter)               Turns: 2810, Time: 00:08:36

Health: -4/41      AC: 15    Str: 22    XL:     7   Next: 12%
Magic:  7/7        EV:  7    Int:  8    God:    Makhleb [......]
Gold:   176        SH: 10    Dex:  9    Spells: 6/6 levels left

rFire    . . .     SeeInvis .   t - +1 whip (elec)
rCold    . . .     Faith    .   c - +0 kite shield
rNeg     + + .     Spirit   .   l - +2 scale mail {rN+}
rPois    ∞         Reflect  .   b - +0 helmet
rElec    +         Harm     .   (no cloak)
rCorr    .         Rampage  .   k - +0 pair of gloves
Will     .....                  (no boots)
Stlth    ..........             (no amulet)
HPRegen  0.13/turn              (no ring)
MPRegen  0.10/turn              (no ring)

@: mighty
A: negative energy resistance 1, electricity resistance, unbreathing,
petrification resistance, miasma immunity, AC +4
a: Renounce Religion


You were in the Ecumenical Temple.
You worshipped Makhleb.
Makhleb was noncommittal.
You visited 2 branches of the dungeon, and saw 5 of its levels.

You collected 176 gold pieces.

Inventory:

Hand Weapons
 t - a +1 whip of electrocution (weapon)
Armour
 b - a +0 helmet (worn)
 c - a +0 kite shield (worn)
 k - a +0 pair of gloves (worn)
 l - a +2 scale mail of positive energy (worn)
Jewellery
 a - an uncursed ring of fire
Wands
 m - a wand of paralysis (6) (quivered)
 q - a wand of digging (5)
Scrolls
 g - a scroll of enchant weapon
 i - 3 scrolls of teleportation
 j - a scroll of identify
 p - 2 scrolls of fear
 s - 2 scrolls of blinking
Potions
 d - a potion of might
 e - a potion of brilliance {unknown}
 f - 2 potions of degeneration {unknown}
 h - a potion of heal wounds {unknown}
 n - a potion of lignification {unknown}
 o - a potion of curing {unknown}
 r - a potion of flight {unknown}


   Skills:
 - Level 3.2 Fighting
 * Level 6.2 Maces & Flails
 - Level 3.2 Armour
 + Level 5.5 Shields


You had 6 spell levels left.
You didn't know any spells.
Your spell library was empty.

Dungeon Overview and Level Annotations

Branches:
Dungeon (4/15)             Temple (1/1) D:4

Altars:
Ashenzari
Cheibriados
Dithmenos
Elyvilon
Fedhas
Hepliaklqana
Kikubaaqudgha
Makhleb
Nemelex Xobeh
Okawaru
Qazlal
Ru
Sif Muna
Trog
Uskayaw
Vehumet
Xom
Yredelemnul
The Shining One


Innate Abilities, Weirdness & Mutations

You are resistant to torment.
Your stone body is resilient. (AC +4)
You are immune to poison.
You resist negative energy. (rN+)
You are resistant to electric shocks. (rElec)
You can survive without breathing.
You are immune to petrification.
You are immune to miasma.


Message History

The orc priest mumbles some strange prayers to Beogh against you.
Beogh smites you! You block the orc's attack.
You climb downwards.
Welcome back to the Ecumenical Temple!
There is a staircase back to the Dungeon here.
You hit the ogre but do no damage. The ogre hits you with a +0 giant club!
* * * LOW HITPOINT WARNING * * *
You hit the ogre.
The ogre is lightly wounded.
The orc barely misses you. The ogre hits you with a +0 giant club.
* * * LOW HITPOINT WARNING * * *
You feel very mighty all of a sudden. You block the orc's attack.
You whack the ogre! Lightning courses through the ogre!
The ogre is almost dead.
You block the ogre's attack. The orc hits you.
* * * LOW HITPOINT WARNING * * *
Your shield and scale mail prevent you from hitting the ogre.
The ogre is almost dead.
You block the orc's attack. The ogre hits you with a +0 giant club!
You die...

#########################
...............o@.......#
##'#############.O#####.#
#..#...#.._.#..#..#...#.#
#_.#._.#....#..'..'._.#.#
####...#'#######..#...#.#
#_.#...#.#._#..#.######.#
#..#'###.#..#._#.#..._#.#
#'##..⌠..##'#..#.'....#.#
............#'##.#....#.#


You could see an ogre and an orc.

Vanquished Creatures
  Sigmund (D:3)
  2 orc priests
  Ijyb (D:3)
  2 orc wizards
  A worker ant (D:4)
  5 adders
  4 oozes
  3 worms
  2 dart slugs
  A leopard gecko (D:3)
  14 orcs
  5 bats
  4 giant cockroaches
  7 hobgoblins
  3 jackals (D:2)
  2 quokkas (D:2)
  5 frilled lizards
  7 goblins
  8 kobolds
  A leopard gecko skeleton (D:4)
  7 rats
85 creatures vanquished.

Notes
Turn   | Place    | Note
-------+----------+-------------------------------------------
     0 | D:1      | HoaS the Gargoyle Fighter began the quest for the Orb.
     0 | D:1      | Reached XP level 1. HP: 14/14 MP: 1/1
    27 | D:1      | Reached XP level 2. HP: 19/19 MP: 2/2
   356 | D:1      | Reached skill level 3 in Maces & Flails
   408 | D:1      | Reached XP level 3. HP: 22/23 MP: 3/3
   700 | D:2      | Found a faded altar of an unknown god.
   829 | D:2      | Found a sacrificial altar of Ru.
   936 | D:2      | Reached XP level 4. HP: 28/28 MP: 4/4
  1449 | D:3      | Reached skill level 4 in Maces & Flails
  1661 | D:3      | Reached XP level 5. HP: 32/32 MP: 5/5
  1950 | D:3      | Noticed Ijyb
  1952 | D:3      | Paralysed by Ijyb for 3 turns
  1968 | D:3      | Killed Ijyb
  1990 | D:3      | Reached skill level 5 in Maces & Flails
  2280 | D:3      | Noticed Sigmund
  2292 | D:3      | Killed Sigmund
  2293 | D:3      | Reached skill level 5 in Shields
  2293 | D:3      | Reached XP level 6. HP: 35/37 MP: 6/6
  2470 | D:4      | Reached skill level 6 in Maces & Flails
  2495 | D:4      | Reached XP level 7. HP: 34/41 MP: 7/7
  2534 | D:4      | Found a staircase to the Ecumenical Temple.
  2551 | D:4      | Found an iron altar of Okawaru.
  2581 | Temple   | Entered the Ecumenical Temple
  2757 | Temple   | Became a worshipper of Makhleb the Destroyer
  2810 | Temple   | Slain by an ogre

Illustrated notes

Levels and vault maps discovered:
D:1:      wander_arrival_lonely_grave, layout_basic
D:2:      layout_loops_cross, marbit_many_paths,
          chequers_ecumenical_altar_island
D:3:      layout_loops_ring, minmay_distorted, uniq_ijyb, uniq_sigmund
D:4:      layout_rooms, okawaru_ov_weapons_minmay, minmay_temple_entry_mist,
          nicolae_qazlal_eye_of_the_storm
Temple:   bh_familiar_temple

Skill      XL: |  1  2  3  4  5  6 |
---------------+-------------------+-----
Maces & Flails | 3 4 5 6 |  6.2
Shields        | 4 5 |  5.5
Fighting       | |  3.2
Armour         | |  3.2

Action                   |  1- 3 |  4- 6 |  7- 9 || total
-------------------------+-------+-------+-------++-------
Melee: Flail             |    49 |       |       ||    49
       Whip              |    44 |   211 |    11 ||   266
Evoke: Wand              |       |     1 |       ||     1
  Use: Scroll            |     4 |     2 |     2 ||     8
       Potion            |       |       |     1 ||     1
 Stab: Paralysed         |       |     6 |       ||     6
Armor: Scale mail        |    45 |    85 |     3 ||   133
Dodge: Dodged            |    25 |    33 |     4 ||    62
Block: Kite shield       |    43 |    78 |     6 ||   127

Table legend: (Time is in decaauts)
 A = Elapsed time spent in this place.
 B = Non-inter-level travel time spent in this place.
 C = Inter-level travel time spent in this place.
 D = Time resting spent in this place.
 E = Time spent auto-exploring this place.
 F = Levels seen in this place.
 G = Mean time per level.
                   A        B        C        D        E       F      G
               +--------+--------+--------+--------+--------+-----+--------+
         Total |   2827 |   2698 |    129 |    367 |   1649 |   5 |  565.4 |
       Dungeon |   2609 |   2541 |     68 |    367 |   1500 |   4 |  652.2 |
        Temple |    217 |    156 |     61 |      0 |    149 |   1 |  217.0 |
               +--------+--------+--------+--------+--------+-----+--------+

Top non-repeatable levels by time:
     D:3: 1003 daAuts
     D:2: 748 daAuts
     D:1: 704 daAuts
  Temple: 217 daAuts
     D:4: 153 daAuts
